Cogmind - Beta 15 @@@ ROGUE MODE // 2025.08.30 @ 01:37:57 Player: jumpy Result: Destroyed by Y-45 Defender with Heavy Assault Rifle Performance ------------- Evolutions (2) 1000 Regions Visited (3) 600 Robots Destroyed (9) 45 Value Destroyed (275) 275 Prototype IDs (0) 0 Alien Tech Used (0) 0 Bonus (0) 0 TOTAL SCORE: 1920 Bonus ------- None Cogmind --------- Core Integrity 0/550 Matter 241/300 Energy 100/100 System Corruption 0% Temperature Cool (9) Movement Core (50) Location -8/Materials Parts ------- > --- POWER (1) -------- (None) > --- PROPULSION (4) --- (None) > --- UTILITY (4) ------ (None) > --- WEAPON (2) ------- Powered Hammer > --- INVENTORY (5) ---- Compact Wheel Compact Wheel Improved Terrain Scanner Seismic Detector Mining Laser Peak State ------------ > --- POWER ------------ Ion Engine > --- PROPULSION ------- Aluminum Leg Aluminum Leg > --- UTILITY ---------- Small Storage Unit Large Storage Unit Seismic Detector > --- WEAPON ----------- Light Assault Rifle Light Assault Rifle > --- INVENTORY -------- Light Ion Engine Compact Wheel Compact Wheel Improved Terrain Scanner Seismic Detector Assault Rifle Mining Laser [Rating: 8] Favorites ----------- Power Ion Engine Engine Ion Engine Propulsion Aluminum Leg Leg Aluminum Leg Utility Seismic Detector Device Seismic Detector Storage Small Storage Unit Weapon Light Assault Rifle Energy Cannon Ion Cannon Ballistic Gun Light Assault Rifle Impact Weapon Powered Hammer Build | -11 -10 -10 -8 ------- Run | Yrd Mat Sub Mat Slots Evolved 4 | . . . 4 Power . | . . . . Propulsion 2 | . . . 2 Utility 2 | . . . 2 Weapon . | . . . . Parts Attached 13 | 8 . . 5 Power 2 | 1 . . 1 Engine 2 | 1 . . 1 Core . | . . . . Reactor . | . . . . Propulsion 2 | 2 . . . Treads . | . . . . Leg 2 | 2 . . . Wheel . | . . . . Hover . | . . . . Flight . | . . . . Utility 4 | 3 . . 1 Device 2 | 2 . . . Storage 2 | 1 . . 1 Processor . | . . . . Hackware . | . . . . Protection . | . . . . Artifact . | . . . . Weapon 5 | 2 . . 3 Energy Gun . | . . . . Energy Cannon 1 | . . . 1 Ballistic Gun 3 | 2 . . 1 Ballistic Cannon . | . . . . Launcher . | . . . . Special Weapon . | . . . . Impact Weapon 1 | . . . 1 Slashing Weapon . | . . . . Piercing Weapon . | . . . . Special Melee Weapon . | . . . . Unidentified Prototypes . | . . . . Parts Lost 9 | . . . 9 Power 2 | . . . 2 Propulsion 2 | . . . 2 Utility 1 | . . . 1 Weapon 4 | . . . 4 Highest Loss Streak 9 | . . . 9 To Critical Strikes . | . . . . Average Backups 5 | 3 7 7 6 Power . | . 1 1 . Propulsion 1 | 1 2 2 2 Utility 1 | . 2 2 2 Weapon 1 | . 2 2 2 Tool/Special . | . . . . Unused Backups 4 | . . . 4 Power . | . . . . Propulsion 2 | . . . 2 Utility 2 | . . . 2 Weapon . | . . . . Tool/Special . | . . . . Average Slot Usage (%) 71 | . 100 100 47 Engine 9 | . 14 14 6 Leg 19 | . 28 28 12 Device 9 | . 14 14 5 Storage 10 | . 14 14 7 Ballistic Gun 20 | . 28 28 13 Peak Build Rating 8 | 7 7 7 8 Average Rating 6 | 5 7 7 6 On Entrance 5 | . 7 7 7 Naked Turns 2 | . . . 2 Heaviest Build 28 | 13 13 13 28 Greatest Support 20 | 20 20 20 20 Greatest Overweight (x) 1 | . . . 1 Average Overweight (x) . | . . . . Largest Inventory Capacity 15 | 8 8 8 15 Average Capacity 9 | 7 8 8 13 Most Carried 8 | 7 7 7 8 Average Carried 5 | 3 7 7 6 Final Capacity 8 | 8 8 8 5 Final Carried 7 | 7 7 7 5 Class Distribution -------------------- 100% | Mutant Dominant Class ---------------- Mutant | -10/Materials Mutant | -10/Subcaves Mutant | -8/Materials Resources | -11 -10 -10 -8 ----------- Run | Yrd Mat Sub Mat Matter Collected 310 | 308 . 2 . Remotely 193 | 193 . . . Salvage Created 375 | 138 . . 237 Parts 16 | 8 . . 8 Haulers Intercepted . | . . . . Recyclers Shooed . | . . . . Parts Field Recycled . | . . . . Retrieved Matter . | . . . . Parts Self-Destructed . | . . . . Prevented . | . . . . Kills | -11 -10 -10 -8 ------- Run | Yrd Mat Sub Mat Combat Hostiles Destroyed 5 | . . . 5 Melee 1 | . . . 1 Guns 1 | . . . 1 Cannons 3 | . . . 3 Classes Destroyed 3 | 2 . . 1 Tunneler 3 | 3 . . . Recycler 1 | 1 . . . Grunt 5 | . . . 5 Best Kill Streak 4 | 2 . . 4 Combat Bots Only 4 | . . . 4 Max Kills in Single Turn 1 | 1 . . 1 Gunslinging . | . . . . Exploded . | . . . . Melee 1 | . . . 1 Uniques/NPCs Destroyed . | . . . . Combat | -11 -10 -10 -8 -------- Run | Yrd Mat Sub Mat Hostile Shots Fired 124 | . . . 124 Missed 36 | . . . 36 Hits 88 | . . . 88 Projectile 88 | . . . 88 Critical Strikes 4 | . . . 4 Damage Taken 1417 | . . . 1417 Core 554 | . . . 554 Absorbed by Shields . | . . . . Core Remaining (%) 100 | 100 . 100 . Volleys Fired 41 | 14 1 . 26 Largest 2 | 2 2 . 2 Hottest 80 | 40 40 . 80 Shots Fired 76 | 28 2 . 46 Gun 68 | 28 2 . 38 Cannon 8 | . . . 8 Launcher . | . . . . Special . | . . . . Kinetic 68 | 28 2 . 38 Thermal 8 | . . . 8 Explosive . | . . . . Electromagnetic . | . . . . Robot Hit Streak 7 | 6 . . 7 Robot Miss Streak 2 | 2 2 . 2 Penetration Max . | . . . . Secondary Targets . | . . . . Shots Hit Robots 60 | 18 . . 42 Core Hits 26 | 10 . . 16 Critical Kills 1 | . . . 1 Critical Parts Destroyed . | . . . . Critical Strikes 2 | . . . 2 Smash 2 | . . . 2 Melee Attacks 11 | . . . 11 Impact 11 | . . . 11 Slashing . | . . . . Piercing . | . . . . Sneak Attacks . | . . . . Combat Hostiles . | . . . . Follow-up Attacks . | . . . . Damage Inflicted 765 | 144 . . 621 Guns 433 | 144 . . 289 Cannons 143 | . . . 143 Explosions . | . . . . Melee 189 | . . . 189 Ramming . | . . . . Kinetic 433 | 144 . . 289 Thermal 143 | . . . 143 Explosive . | . . . . Electromagnetic . | . . . . Impact 189 | . . . 189 Slashing . | . . . . Piercing . | . . . . Highest Corruption 1 | . 1 1 . Average Corruption 1 | . 1 1 . Corruption Purged . | . . . . Corruption Blocked . | . . . . Effects 1 | . . 1 . Heat Flow Errors 1 | . . 1 . Overload Shots . | . . . . Overflow Damage 49 | . . . 49 Projectiles . | . . . . Explosions . | . . . . Melee 49 | . . . 49 Knockbacks 2 | . . . 2 Impact 2 | . . . 2 Kinetic . | . . . . Secondary . | . . . . Self-Inflicted Damage . | . . . . Shots . | . . . . Rammed . | . . . . Targets Rammed . | . . . . Kicked . | . . . . Crushed . | . . . . Highest Temperature 219 | . . 219 105 Average Temperature 58 | . . 123 51 Received Heat Transfer 801 | . . . 801 Siege Activations . | . . . . Martial Activations . | . . . . Shielding Activations . | . . . . Robots Disrupted . | . . . . Combat Hostiles . | . . . . Robots Corrupted . | . . . . Combat Hostiles . | . . . . Parts Fried . | . . . . Impact Corruptions 1 | . . . 1 Robots Melted . | . . . . Combat Hostiles . | . . . . Parts Melted 1 | . . . 1 Heat Transferred 222 | . . . 222 Parts Sabotaged . | . . . . Parts Stolen . | . . . . Parts Stripped . | . . . . Power Chain Reactions . | . . . . Alert | -11 -10 -10 -8 ------- Run | Yrd Mat Sub Mat Maximum Alert Level . | . . . . Low Security (%) 100 | 100 100 . 100 Level 1 . | . . . . Level 2 . | . . . . Level 3 . | . . . . Level 4 . | . . . . Level 5 . | . . . . High Security . | . . . . Max Security . | . . . . Peak Influence 76 | 10 . . 76 Initial . | . . . . Average 7 | . . . 15 Influence Increases 156 | 20 . . 136 Destroy 0b10 Robot/C 100 | . . . 100 Destroy 0b10 Robot/NC 20 | 20 . . . Destroy Leader 20 | . . . 20 Disable Machine 15 | . . . 15 Destroy Structure 1 | . . . 1 Influence Decreases 90 | 20 . . 70 Time Decay 60 | 20 . . 40 Lost Part 30 | . . . 30 Squads Dispatched 1 | . . . 1 Investigation . | . . . . Extermination . | . . . . Reinforcement 1 | . . . 1 Assault . | . . . . Garrison . | . . . . Intercept . | . . . . Searches Triggered . | . . . . Construction Impeded . | . . . . Haulers Reinforced . | . . . . Active Scanning Responses . | . . . . Cargo Convoy Interrupts . | . . . . Stealth | -11 -10 -10 -8 --------- Run | Yrd Mat Sub Mat Distress Signals 1 | . . . 1 Communications Jammed . | . . . . Distress Signals . | . . . . Times Spotted 11 | . 2 . 9 Peak Tracking Total 6 | . 1 . 6 Tactical Retreats . | . . . . Traps | -11 -10 -10 -8 ------- Run | Yrd Mat Sub Mat Traps Triggered 1 | . 1 . . Indirectly . | . . . . Trap Hack Attempts . | . . . . Triggered . | . . . . Disarmed . | . . . . Reprogrammed . | . . . . Reused . | . . . . Traps Extracted . | . . . . Installed . | . . . . Triggered . | . . . . Machines | -11 -10 -10 -8 ---------- Run | Yrd Mat Sub Mat Machines Disabled 1 | . . . 1 Max in Single Turn 1 | . . . 1 Machines Repaired . | . . . . Machines Dismantled . | . . . . Machines Sabotaged . | . . . . Overloaded Fab Kills . | . . . . Hacking | -11 -10 -10 -8 --------- Run | Yrd Mat Sub Mat Machines Accessed 1 | . 1 . . Terminals 1 | . 1 . . Fabricators . | . . . . Repair Stations . | . . . . Recycling Units . | . . . . Scanalyzers . | . . . . Garrison Access . | . . . . Total Hacks 3 | . 3 . . Successful 1 | . 1 . . Failed 2 | . 2 . . Catastrophic 1 | . 1 . . Database Lockouts . | . . . . Manual . | . . . . Terminals 3 | . 3 . . Fabricators . | . . . . Repair Stations . | . . . . Recycling Units . | . . . . Scanalyzers . | . . . . Garrison Access . | . . . . Terminal Hacks 1 | . 1 . . Registered Components 1 | . 1 . . Fabricator Hacks . | . . . . Repair Station Hacks . | . . . . Recycling Unit Hacks . | . . . . Scanalyzer . | . . . . Garrison Access Hacks . | . . . . Unauthorized Hacks . | . . . . Terminals . | . . . . Fabricators . | . . . . Repair Stations . | . . . . Recycling Units . | . . . . Scanalyzers . | . . . . Garrison Access . | . . . . Data Cores Recovered 1 | . 1 . . Used 1 | . 1 . . Hacking Detections 1 | . 1 . . Full Trace Events . | . . . . Feedback Events . | . . . . Feedback Blocked . | . . . . Robot Schematics Acquired . | . . . . Robots Built . | . . . . Authchips . | . . . . Time . | . . . . Total Robot Build Rating . | . . . . Part Schematics Acquired . | . . . . Parts Built . | . . . . Authchips . | . . . . Time . | . . . . Total Part Build Rating . | . . . . Parts Repaired . | . . . . Time . | . . . . Parts Recycled . | . . . . Recycled Matter . | . . . . Retrieved Matter . | . . . . Retrieved Components . | . . . . Parts Scanalyzed . | . . . . Part Schematics Acquired . | . . . . Parts Damaged . | . . . . Bothacking | -11 -10 -10 -8 ------------ Run | Yrd Mat Sub Mat Used RIF Installer . | . . . . Robots Hacked . | . . . . Non-combat . | . . . . Combat . | . . . . Robot Hacks Applied . | . . . . Relay Couplers Released . | . . . . Fabnet Peak Effective % . | . . . . Robots Rewired . | . . . . Allies Hacked . | . . . . Hacks Repelled . | . . . . Allies | -11 -10 -10 -8 -------- Run | Yrd Mat Sub Mat Total Allies . | . . . . Largest Group . | . . . . Highest-Rated Group . | . . . . Highest-Rated Ally . | . . . . Total Orders . | . . . . Ally Attacks . | . . . . Total Damage . | . . . . Kills . | . . . . Allies Corrupted . | . . . . Allies Melted . | . . . . Intel | -11 -10 -10 -8 ------- Run | Yrd Mat Sub Mat Active Infowar (turns) 433 | 59 118 95 161 Seismic 433 | 59 118 95 161 Robot Analysis Total . | . . . . Derelict Logs Recovered . | . . . . Drone Launches . | . . . . Drone Recoveries . | . . . . Exploration | -11 -10 -10 -8 ------------- Run | Yrd Mat Sub Mat Turns Passed 669 | 195 118 95 261 Spaces Moved 360 | 119 96 47 98 Core 28 | 5 . . 23 Treads . | . . . . Legs 332 | 114 96 47 75 Wheels . | . . . . Hover . | . . . . Flight . | . . . . Fastest Speed 50 | 50 120 120 50 Average Speed 127 | 117 120 120 152 Slowest Speed 190 | 120 120 120 190 Overloaded Moves . | . . . . Propulsion Burnouts . | . . . . Robots Hopped . | . . . . Potential Cave-ins . | . . . . Cave-ins Triggered . | . . . . Exploration Rate (%) 10 | 7 19 6 10 Regions Visited 3 Branch Regions 1 Pre-discovered Areas . | . . . . Known Exits Taken . | . . . . Unknown Exits Taken 3 | 1 1 1 . Scrap Searched . | . . . . Spaces Dug . | . . . . Terrain Destroyed 1 | . . . 1 Melee . | . . . . Projectile 1 | . . . 1 AOE . | . . . . Terrain Rammed . | . . . . Walls Destroyed . | . . . . Machines Disabled . | . . . . Actions | -11 -10 -10 -8 --------- Run | Yrd Mat Sub Mat Total 481 | 149 97 85 150 Wait 48 | 1 1 39 7 Move 357 | 118 95 46 98 Hop . | . . . . Pick Up 8 | 7 . . 1 Fast Attach 10 | 8 . . 2 Attach 3 | . . . 3 Detach . | . . . . Swap . | . . . . Drop 3 | 1 . . 2 Fire 41 | 14 1 . 26 Melee 11 | . . . 11 Ram . | . . . . Kick . | . . . . Crush . | . . . . Escape Stasis . | . . . . Rewire . | . . . . Trap . | . . . . Miscellaneous . | . . . . Route ------- -11/Scrapyard -10/Materials -10/Subcaves -8/Materials History --------- Turn | Location | Event 3 | -11/Scrapyard | Discovered new exit (range 15) 196 | -11/Scrapyard | Entered Materials 197 | -10/Materials | Met a group of wandering Federalists 309 | -10/Materials | Discovered new exit (range 6) 311 | -10/Materials | Build established: Mutant 314 | -10/Materials | Entered Subcaves 315 | -10/Subcaves | Continued accompanying wandering Federalists (6) 315 | -10/Subcaves | Approached by a straggling Scientist 378 | -10/Subcaves | Discovered new exit (range 6) 379 | -10/Subcaves | Shifting Twisted Machinery released Flamer 379 | -10/Subcaves | Shifting Twisted Machinery released Riot Gun 409 | -10/Subcaves | Entered Materials 409 | -8/Materials | Evolved 4 slots: Propulsion x2, Utility x2 611 | -8/Materials | Core integrity fell below 50% 646 | -8/Materials | Core integrity fell below 20% 656 | -8/Materials | Lost 9 parts (2p2n1u4w) 670 | -8/Materials | Destroyed by Y-45 Defender with Heavy Assault Rifle Last Messages --------------- 00615_ K-01 Serf collects debris. 00617_ U-05 Engineer builds a Wall. 00618_ K-01 Serf collects debris. 00621_ Lgt. Angular Momentum Engine melted. 00621_ G-50 Soldier destroyed. 00621_ K-01 Serf collects debris. 00625_ G-47 Trooper destroyed. 00625_ Ion Cannon destroyed. 00625_ K-01 Serf collects debris. 00627_ Dropped Lrg. Storage Unit. 00629_ Acquired Powered Hammer. 00629_ K-01 Serf collects debris. 00640_ K-01 Serf destroyed. 00651_ G-47 Trooper knocked back. 00654_ Destroyed Imp. Heat Sink. 00654_ G-47 Trooper system corrupted by crushing effect. 00654_ G-47 Trooper knocked back. 00658_ G-47 Trooper suffers critical hit (Smash). 00658_ G-47 Trooper destroyed. 00665_ Y-45 Defender suffers critical hit (Smash). Map ----- +----------------------------------------------------+ | ?????????????????????????????????????????????? | | ?????????????????????????????????????????????? | | ?????????????????????????????????????????????? | | ?????????????????????????????????????????????? | | ?????????????????????????????????????????????? | | ?????????????????????????????????????????????? | | ?????????????????????????????????????????????? | | ?????????????????????????????????????????????? | | ?????????????????????????????????????????????? | | ?????????????????????????????????????????????? | | ?????????????^ ??????????????????????????????? | | ????????????? ??????????????????????????????? | | ????????????# ??????????????????????????????? | | ???????????## #######???????????????????????? | | ???????????# ] T #???????????????????????? | | ???????????+ #############???????????? | | ???????????# ?? ????????????? | | ???????????# """ ##? ????????????? | | ????????????# """ ##?? ?#???????????? | | ????????????# " "#?? #???????????? | | ????????????# %**! #??? #???????????? | | ????????????#%[%!% "#??? #???????????? | | ????????????# =%[ #????? ????????????? | | ????????#####/ #????? ??????????????? | | ????????#== #######+#########???????? | | ????????#== [[[Y @ #???????? | | ????????#// ! [[ = #???????? | | ????????#/ ![ % #???????? | | ????????#!! ######### ##### ####u #???????? | | ????????#!! #???????# #???# #????? #???????? | | ????????#####???????# #???# #??????????????? | | ????????########???##+##### #??????????????? | | ????????# #???# # #??????????????? | | ????????# """ #???# # #??????????????? | | ????????# """ #???#!!! # #??????????????? | | ????????# """ #???#!!! + #??????????????? | | ????????# #???#!!! # #??????????????? | | ?????????? ????# # #??????????????? | | ????????####+############## #??????????????? | | ????????# #??????????????? | | ????????# #??????????????? | | ????????# #??????????????? | | ????????## ###############??????????????? | | ?????????# #????????????????????????????? | | ?????????#! !#????????????????????????????? | | ?????????##!!!!##????????????????????????????? | | ??????????######?????????????????????????????? | | ?????????????????????????????????????????????? | | ?????????????????????????????????????????????? | | ?????????????????????????????????????????????? | +----------------------------------------------------+ Best States ------------- Heat Dissipation 31 Energy Generation 10 Energy Capacity 250 Matter Stores 300 Matter Capacity 300 Sight Range 16 Terrain Scan Density 10 Evasion (%) 55 Item Schematics ----------------- None Robot Schematics ------------------ None Fabricated ------------ Nothing Repaired ---------- Nothing Alien Tech Used ----------------- None Achievements -------------- None Challenges ------------ None Game ------ Seed MiningBraceThermoblaster Manual? 0 Play Time 00:05:27 Cumulative 196.8 hours Start 2025.08.30 @ 01:34:15 End 2025.08.30 @ 01:37:57 Sessions 1 Manual Loads 0 Difficulty Rogue Special Mode None Game No. 475 Rogue 475 Adventurer 0 Explorer 0 Win Type - Total 9 Types 6/0/2/1/0/0/0/0/0/0 Lore% 76 Gallery% 66 Achievement% 52 Wizard Run 0 Options --------- Layout 0 ASCII 0 Keyboard 0 Movement Numpad Keybinds 0 Fullscreen 2 Font 18/Terminus Map View 76x50 Zoom Use 0% Tactical HUD 1 Map Filters NONE Filters SATURATION(100) Steam 1 RUN: bc7b52fb-1155-452c-bb6f-e1f27af461ae